 Dungeon Crawl Stone Soup version 0.30-a0-476-g330ca2eb8e (webtiles) character file.

Game seed: 4522555199527260873

309 kae the Firebug (level 6, -7/36 HPs)
             Began as an Octopode Fire Elementalist on Dec 21, 2022.
             Mangled by Duvessa
             ... wielding a +0 rapier
              (12 damage)
             ... on level 4 of the Dungeon.
             The game lasted 00:05:26 (4223 turns).

kae the Firebug (Octopode Fire Elementalist)        Turns: 4223, Time: 00:05:26

Health: -7/36      AC:  1    Str:  7    XL:     6   Next: 41%
Magic:  4/10       EV: 13    Int: 20    God:
Gold:   190        SH:  0    Dex: 12    Spells: 5/11 levels left

rFire   . . .      SeeInvis .    (no weapon)
rCold   + . .      Faith    .    (no shield)
rNeg    . . .      Spirit   .    (helmet restricted)
rPois   .          Reflect  .    (no amulet)
rElec   .          Harm     .    C - ring of protection from cold
rCorr   .          Rampage  .    (no ring)
Will    .....                    (no ring)
Stlth   +++.......               (no ring)
HPRegen 0.26/turn                (no ring)
MPRegen 0.12/turn                (no ring)
                                 (no ring)
                                 (no ring)

@: no status effects
A: almost no armour, amphibious, 8 rings, camouflage 1, gelatinous body 1,
(nimble swimmer 1), tentacles
a: no special abilities


You were on level 4 of the Dungeon.
You visited 1 branch of the dungeon, and saw 4 of its levels.
You also visited: Sewer.

You collected 218 gold pieces.
You spent 28 gold pieces at shops.


Innate Abilities, Weirdness & Mutations

You cannot wear most types of armour.
You are amphibious.
You can wear up to eight rings at the same time.
Your skin changes colour to match your surroundings (Stealth+).
Your rubbery body absorbs attacks. (AC +1, EV +1)
((You are camouflaged when in or above water. (Stealth+)))
You have tentacles for arms and can constrict up to eight enemies at once.


   Skills:
 - Level 2.0 Dodging
 - Level 2.6 Stealth
 + Level 3.1 Spellcasting
 * Level 4.0 Conjurations
 * Level 4.9 Fire Magic


You had 5 spell levels left.
You knew the following spells:

 Your Spells              Type           Power      Damage    Failure   Level
a - Foxfire               Conj/Fire      84%        2x1d8     2%          1
b - Scorch                Fire           44%        2d7       2%          2
c - Inner Flame           Hex/Fire       13%        N/A       16%         3

Your spell library contained the following spells:

 Spells                   Type           Power      Damage    Failure   Level
 Kindle Blastsparks       Fire/Tloc/Air  18%        2d11      22%         3
 Flame Wave               Conj/Fire      21%        2d8       22%         4

Inventory:

Missiles
 e - 45 stones
 f - 2 poisoned darts
 l - 3 silver boomerangs
Jewellery
 c - a ring of ice
   (You found it on level 3 of the Dungeon)
 C - a ring of protection from cold (left tentacle)
   (You found it on level 2 of the Dungeon)
 I - a +6 ring of intelligence
   (You found it on level 4 of the Dungeon)
Scrolls
 h - 3 scrolls of teleportation {@r4}
 m - 2 scrolls of fear
 q - a scroll of identify {@r1}
Potions
 a - a potion of magic
 b - 2 potions of might
 d - 2 potions of curing {unknown}
 g - a potion of haste {@q3}
 i - a potion of brilliance {unknown}
 j - a potion of lignification {unknown}
 k - 2 potions of flight {unknown}
 n - a potion of attraction {unknown}
 o - a potion of resistance {unknown}
 p - a potion of ambrosia {unknown}

Dungeon Overview and Level Annotations

Branches:
Dungeon (4/15) Zot: 20024   Sewer (visited)
 Temple: D:4-7

Altars:
Vehumet

Shops:
D:1 [!?[(

Annotations:
D:3 Sigmund
D:4 Dowan, Duvessa

#8..##......# #.[...#
##..##.####### #.....#
#..##.# #...# #.>...#
##..##.# #...#############
#8.....###...#......###
##...........'........# ##
#...........#......#.##8###8
##...........#....).#........
#⌠###8###8#.@#......#........
### #######.e......e......)..
#.# #....)........#8###8
#####'######..........###
#......................#
#......................#
#...................)..#
#......................#
#..<...................# ..


You could see Duvessa (fast, combustible) and Dowan (empowered).


Message History

Blork the orc looks satisfied for a moment. 😎 MP[-1]
You lost 1 mp, and now have 6/10 mp.
Casting: Foxfire (safe; 2% risk of failure)
Confirm with . or Enter, or press ? or * to list all spells.
You conjure some foxfire!
Blork the orc is engulfed in blazing flames.
Blork the orc explodes!
Your Conjurations skill increases to level 4! 😎 MP[-1]
You lost 1 mp, and now have 5/10 mp.
Unknown command.
Unknown command.
An orc comes into view. It is wielding a +0 flail. 😎 MP[+2]
You regained 2 mp, and now have 7/10 mp.
An orc is nearby!
An orc is nearby!
Casting: Foxfire (safe; 2% risk of failure)
Confirm with . or Enter, or press ? or * to list all spells.
You conjure some foxfire!
The foxfire hits the orc.
Casting: Foxfire (safe; 2% risk of failure)
Confirm with . or Enter, or press ? or * to list all spells.
You conjure some foxfire!
The foxfire hits the orc.
You kill the orc! 😎 MP[-1]
You lost 1 mp, and now have 6/10 mp.
A kobold and Dowan come into view.
The kobold is carrying a wand of flame (17).
Found a scroll of amnesia.
Found a radiant altar of Vehumet. 😎 MP[+3]
You regained 3 mp, and now have 9/10 mp.
Unknown command.
Unknown command.
Casting: Foxfire (safe; 2% risk of failure)
Confirm with . or Enter, or press ? or * to list all spells.
You conjure some foxfire!
The kobold shouts!
You hear a shout!
The foxfire hits the kobold but does no damage. 😎 MP[-1]
You lost 1 mp, and now have 8/10 mp.
Casting: Foxfire (safe; 2% risk of failure)
Confirm with . or Enter, or press ? or * to list all spells.
You conjure some foxfire!
The foxfire hits the kobold.
You kill the kobold!
Duvessa, Sister of Dowan comes into view.
She is wielding a +0 rapier.
The foxfire hits Duvessa. x2
Duvessa gestures with her weapon.
Dowan shouts!
Dowan casts a spell.
Dowan blinks!
An orc wizard comes into view. It is wielding a +0 dagger.
Dowan gestures at Duvessa while chanting.
Duvessa seems to speed up. 😎 MP[+1]
You see here a +0 dagger.
There is a stone staircase leading up here.
Casting: Foxfire (safe; 2% risk of failure)
Confirm with . or Enter, or press ? or * to list all spells.
The spell is quite dangerous to miscast (16% risk of failure)!
Continue anyway? [Y]es or [N]o only, please.
The spell is quite dangerous to miscast (16% risk of failure)!
Continue anyway?
Okay, then.
Casting: Inner Flame (quite dangerous; 16% risk of failure)
Confirm with . or Enter, or press ? or * to list all spells.
Flames lash Duvessa.
Duvessa's fire resistance burns away.
You hear a shout! x2
Duvessa misses you.
The orc wizard mumbles some strange words.
The orc wizard flickers and vanishes!
Deactivating autopickup; reactivate with Ctrl-A.
You hear a shout! 😎 MP[-2]
You lost 2 mp, and now have 7/10 mp.
Casting: Scorch (safe; 2% risk of failure)
Confirm with . or Enter, or press ? or * to list all spells.
Flames lash Duvessa.
Duvessa is burned terribly!
Duvessa hits you with a +0 rapier!
Duvessa gestures with her weapon.
Duvessa barely misses you.
Dowan gestures wildly while chanting.
Dowan blinks! 😮 HP[-15] MP[-2]
You take 15 damage, and now have 21/36 hp.
MASSIVE DAMAGE!! (PAUSE)
You lost 2 mp, and now have 5/10 mp.
Casting: Scorch (safe; 2% risk of failure)
Confirm with . or Enter, or press ? or * to list all spells.
Flames lash Duvessa but do no damage.
Duvessa closely misses you. Duvessa hits you with a +0 rapier.
* * * LOW HITPOINT WARNING * * *
Duvessa hits you with a +0 rapier!
* * * LOW HITPOINT WARNING * * *
😱 HP[-16] MP[-1]
You take 16 damage, and now have 5/36 hp.
MASSIVE DAMAGE!! (PAUSE)
You lost 1 mp, and now have 4/10 mp.
Duvessa hits you with a +0 rapier!
You die...

Skill      XL: |  1  2  3  4  5  6 |
---------------+-------------------+-----
Conjurations   | 2 3 4 |  4.0
Fire Magic     | 4 |  4.9
Spellcasting   | 3 |  3.1
Dodging        | |  2.0
Stealth        | |  2.6

Action                   |  1- 3 |  4- 6 || total
-------------------------+-------+-------++-------
Melee: Unarmed           |    39 |    18 ||    57
       Tentacles         |    11 |     9 ||    20
       Constrict         |     8 |     5 ||    13
       Punch             |     1 |       ||     1
 Cast: Foxfire           |    59 |    42 ||   101
       Scorch            |     7 |    21 ||    28
       Inner Flame       |       |     1 ||     1
  Use: Scroll            |     7 |     2 ||     9
 Stab: Sleeping          |     1 |       ||     1
Armor: Skin              |     4 |     2 ||     6
Dodge: Dodged            |    23 |    22 ||    45

Levels and vault maps discovered:
D:1:      wheals_arrival_shading, layout_basic,
          chequers_ecumenical_altar_island, serial_shops,
          nicolae_shop_competitors_out_of_business, shop, shop,
          nicolae_shop_statue_plus, nicolae_shop_waterfront, minmay_hedge_maze
D:2:      minmay_chambers_of_ones, layout_basic
D:3:      cheibrodos_greedy_goblins, layout_basic, uniq_sigmund
D:4:      layout_basic, vehumet_altar_wand_db, mainiacjoe_overflow_big_doors,
          serial_corexii_hall, chequers_hall_statues_corner_a,
          corexii_hall_statues_t, chequers_hall_statues_y,
          corexii_hall_statues_deadend, portal_sewer_entry_a, uniq_duvessa,
          uniq_blork_the_orc

Notes
Turn   | Place    | Note
-------+----------+-------------------------------------------
     0 | D:1      | kae the Octopode Fire Elementalist began the quest for the
                  | Orb.
     0 | D:1      | Reached XP level 1. HP: 11/11 MP: 3/3
     0 | D:1      | magus.rc [v1.11.3]
    75 | D:1      | Found Ysaezuel's Armour Shoppe.
    96 | D:1      | Found a faded altar of an unknown god.
   141 | D:1      | Found Zohang's Magic Scroll Shop.
   185 | D:1      | Reached XP level 2. HP: 7/17 MP: 1/5
   186 | D:1      | HP: 4/17 [jackal (3)]
   213 | D:1      | Learned a level 2 spell: Scorch
   263 | D:1      | Bought a scroll of identify for 28 gold pieces
   292 | D:1      | Found Caupliac's Distillery.
   311 | D:1      | Found Xocot's Antique Armour Emporium.
   804 | D:1      | Found Soenn's Weapon Emporium.
  1209 | D:2      | HP: 1/17 [worm (6)]
  1212 | D:2      | Reached skill level 2 in Conjurations
  1212 | D:2      | Reached XP level 3. HP: 3/21 MP: 1/6
  2023 | D:3      | Reached XP level 4. HP: 27/27 MP: 0/7
  2775 | D:3      | Noticed Sigmund
  3277 | D:3      | Learned a level 3 spell: Inner Flame
  3366 | D:4      | magus.rc [v1.11.3]
  3366 | D:4      | Noticed an ogre
  3476 | D:4      | Reached skill level 4 in Fire Magic
  3583 | D:4      | Found a glowing drain.
  3623 | Sewer    | Entered a sewer
  3689 | Sewer    | Reached skill level 3 in Conjurations
  3689 | Sewer    | Reached XP level 5. HP: 31/31 MP: 4/9
  4077 | D:4      | Killed an ogre
  4078 | D:4      | Reached skill level 3 in Spellcasting
  4078 | D:4      | Reached XP level 6. HP: 36/36 MP: 4/10
  4107 | D:4      | Noticed Blork the orc
  4150 | D:4      | Killed Blork the orc
  4151 | D:4      | Reached skill level 4 in Conjurations
  4196 | D:4      | Found a radiant altar of Vehumet.
  4196 | D:4      | Noticed Dowan
  4206 | D:4      | Noticed Duvessa
  4222 | D:4      | HP: 5/36 [Duvessa/+0 rapier (11)]
  4223 | D:4      | Mangled by Duvessa

Vanquished Creatures
  An ogre (D:4)
  Blork the orc (D:4)
  A hell rat (Sewer)
  2 adders
  2 river rats (Sewer)
  A white imp (D:4)
  2 worms
  2 orcs (D:4)
  6 endoplasms
  3 giant cockroaches
  17 goblins
  6 hobgoblins
  4 jackals (D:1)
  5 kobolds
  2 quokkas (D:1)
  6 ball pythons
  6 bats
  4 frilled lizards
  14 rats
85 creatures vanquished.

Vanquished Creatures (others)
  177 foxfires
177 creatures vanquished.

Grand Total: 262 creatures vanquished

Table legend:
 A = Non-vault XP
 B = Vault XP
 C = Vault XP percentage of total XP
 D = Non-vault monster count
 E = Vault monster count
 F = Vault count percentage of total count
                 A         B        C        D         E       F
            +---------+---------+-------+---------+---------+-------
      Total |     242 |     200 |  45.2 |      51 |      34 |  40.0
            +---------+---------+-------+---------+---------+-------
        D:1 |      21 |       0 |   0.0 |      12 |       0 |   0.0
        D:2 |      40 |       8 |  16.7 |      17 |       5 |  22.7
        D:3 |      38 |      23 |  37.7 |      14 |      12 |  46.2
        D:4 |     143 |     101 |  41.4 |       8 |       6 |  42.9
      Sewer |       0 |      68 | 100.0 |       0 |      11 | 100.0
            +---------+---------+-------+---------+---------+-------

Illustrated notes

Table legend:
 A = Kills in this place as a percentage of kills in entire the game.
 B = Kills by you in this place as a percentage of kills by you in the entire game.
 C = Kills by friends in this place as a percentage of kills by friends in the entire game.
 D = Other kills in this place as a percentage of other kills in the entire game.
 E = Experience gained in this place as a percentage of experience gained in the entire game.
 F = Experience gained in this place divided by the number of levels of this place that you have seen.
                   A       B       C       D       E      F
               +-------+-------+-------+-------+-------+----------------------
         Total | 100.0 | 100.0 |   N/A |   N/A | 100.0 |  88.4
       Dungeon |  87.1 |  87.1 |   N/A |   N/A |  84.6 |  93.5
         Sewer |  12.9 |  12.9 |   N/A |   N/A |  15.4 |  68.0
               +-------+-------+-------+-------+-------+----------------------

Table legend: (Time is in decaauts)
 A = Elapsed time spent in this place.
 B = Non-inter-level travel time spent in this place.
 C = Inter-level travel time spent in this place.
 D = Time resting spent in this place.
 E = Time spent auto-exploring this place.
 F = Levels seen in this place.
 G = Mean time per level.
                   A        B        C        D        E       F      G
               +--------+--------+--------+--------+--------+-----+--------+
         Total |   4222 |   4006 |    216 |    275 |   3028 |   5 |  844.4 |
       Dungeon |   3974 |   3758 |    216 |    144 |   2977 |   4 |  993.5 |
         Sewer |    247 |    247 |      0 |    131 |     51 |   1 |  247.0 |
               +--------+--------+--------+--------+--------+-----+--------+

Top non-repeatable levels by time:
     D:3: 1581 daAuts
     D:1: 980 daAuts
     D:2: 872 daAuts
     D:4: 540 daAuts
   Sewer: 247 daAuts
